 Dungeon Sprint DCSS version 0.20-b1-18-gaa2fd62 (webtiles) character file.

3149 potatolord6000 the Fighter (level 9, -4/84 HPs)
             Began as a Mummy Fighter on May 25, 2017.
             Was a High Priest of Cheibriados.
             Slain by a death yak (17 damage)
             ... in the Dungeon (Sprint IX: "|||||||||||||||||||||||||||||").
             The game lasted 00:03:03 (1118 turns).

potatolord6000 the Fighter (Mummy Fighter)          Turns: 1118, Time: 00:03:03

Health: -4/84      AC: 19    Str: 36    XL:     9   Next: 62%
Magic:  9/9        EV: 10    Int: 23    God:    Cheibriados [*****.]
Gold:   0          SH:  0    Dex: 27    Spells: 8/8 levels left

rFire    x . .     SeeInvis .   g - +6 quarterstaff (protect)
rCold    + . .     Gourm    .   (shield currently unavailable)
rNeg     + + +     Faith    .   h - +2 ring mail
rPois    ∞         Spirit   .   c - +0 helmet
rElec    .         Reflect  .   a - +0 cloak
rCorr    .         Harm     .   (no gloves)
MR       +....     NoTele   +   (no boots)
Stlth    +.........             (no amulet)
Regen    0.3/turn               b - +3 ring of dexterity
MPRegen  0.2/turn               i - +3 ring of intelligence

@: protection aura, studying Staves, very slow
A: no food or potions, fire vulnerability, cold resistance 1, negative energy
resistance 3, torment resistance, unbreathing
a: Bend Time, Temporal Distortion, Slouch, Step From Time, Renounce Religion


You were in the Dungeon.
You worshipped Cheibriados.
Cheibriados was extremely pleased with you.
You were not hungry.

You visited 1 branch

Inventory:

Hand Weapons
 g - a +6 quarterstaff of protection (weapon)
Armour
 a - a +0 cloak (worn)
 c - a +0 helmet (worn)
 h - a +2 ring mail (worn)
Jewellery
 b - a +3 ring of dexterity (left hand)
 i - a +3 ring of intelligence (right hand)
 j - a +4 ring of dexterity
Scrolls
 d - 3 scrolls of blinking
 e - 4 scrolls of remove curse
 f - 2 scrolls of amnesia
 l - a scroll of identify
 n - a scroll of fear
Books
 k - a manual of Staves


   Skills:
 + Level 12.7 Fighting
   Level 4.6(8.3) Polearms
 + Level 10.6(11.0) Staves
 + Level 11.0 Armour
   Level 5.0 Shields


You had 8 spell levels left.
You didn't know any spells.

Dungeon Overview and Level Annotations

Branches:
Dungeon (1/1)

Altars:
Cheibriados
Dithmenos
Elyvilon
Fedhas
Gozag
Hepliaklqana
Kikubaaqudgha
Makhleb
Nemelex Xobeh
Okawaru
Qazlal
Ru
Sif Muna
Trog
Uskayaw
Vehumet
Xom
Yredelemnul
Zin
The Shining One
Beogh
Jiyva
Lugonu


Innate Abilities, Weirdness & Mutations

You do not eat or drink.
Your flesh is vulnerable to fire.
You are immune to poison.
Your flesh is cold resistant. (rC+)
You are immune to negative energy. (rN+++)
You are immune to unholy pain and torment.
You can survive without breathing.


Message History

Unknown command.
You barely miss the death yak.
The death yak is lightly wounded.
Unknown command.
You hit the death yak.
The death yak is moderately wounded.
The death yak gores you!!
* * * LOW HITPOINT WARNING * * *
Unknown command.
You sock the death yak!
The death yak is heavily wounded.
The death yak barely misses you.
Unknown command.
You sock the death yak!
The death yak is severely wounded.
Unknown command.
You sock the death yak!
The death yak is severely wounded.
The death yak gores you!
You die...

$ ▓.▓_▓
$
▓.▓.▓_▓
$
▓.▓.▓_▓
$
▓.▓.▓_▓
▓.▓.▓_▓
$
▓D▓.▓_▓
$
▓S▓.▓_▓
$
▓Y▓.▓_▓
$
▓@▓.▓_▓
$
▓.▓.▓_▓
$
▓†▓.▓_▓
$
▓.▓.▓_▓
$
▓.▓.▓_▓
$
▓.▓.▓_▓
$
▓.▓.▓_▓
$
▓.▓.▓'▓
$
▓[▓.▓.▓


You could see a death yak, a four-headed hydra and a black mamba.

Vanquished Creatures
  2 unseen horrors (D)
  A cyclops (D)
  A spiny frog (D)
  A komodo dragon (D)
  2 hippogriffs (D)
  A yak (D)
  2 porcupines (D)
  An orc warrior (D)
  An ice beast (D)
  A necrophage (D)
  A bullfrog (D)
  A scorpion (D)
  A killer bee (D)
  A jelly (D)
  A worker ant (D)
  An adder (D)
  A shadow imp (D)
  2 orcs (D)
  2 bats (D)
  A hobgoblin (D)
  A jackal zombie (D)
  A kobold (D)
  A rat (D)
28 creatures vanquished.

Notes
Turn   | Place    | Note
-------+----------+-------------------------------------------
     0 | D        | potatolord6000 the Mummy Fighter began the quest for the Orb.
     0 | D        | Reached XP level 1. HP: 18/18 MP: 1/1
   121 | D        | Noticed a jelly
   121 | D        | Noticed a worker ant
   121 | D        | Noticed an ice beast
   145 | D        | Killed an ice beast
   145 | D        | Reached skill level 5 in Fighting
   145 | D        | Reached XP level 2. HP: 22/27 MP: 2/2
   145 | D        | Reached XP level 3. HP: 27/33 MP: 3/3
   145 | D        | Reached XP level 4. HP: 33/39 MP: 4/4
   168 | D        | Reached skill level 5 in Armour
   168 | D        | Reached skill level 5 in Shields
   168 | D        | Reached XP level 5. HP: 18/46 MP: 5/5
   175 | D        | Found a roughly hewn altar of Beogh.
   175 | D        | Found a snail-covered altar of Cheibriados.
   175 | D        | Found a shadowy altar of Dithmenos.
   175 | D        | Found a white marble altar of Elyvilon.
   175 | D        | Found a blossoming altar of Fedhas.
   175 | D        | Found an opulent altar of Gozag.
   176 | D        | Found a hazy altar of Hepliaklqana.
   177 | D        | Found a viscous altar of Jiyva.
   178 | D        | Found an ancient bone altar of Kikubaaqudgha.
   179 | D        | Found a corrupted altar of Lugonu.
   180 | D        | Found a burning altar of Makhleb.
   181 | D        | Found a sparkling altar of Nemelex Xobeh.
   182 | D        | Found an iron altar of Okawaru.
   183 | D        | Became a worshipper of Gozag Ym Sagoz the Greedy
   184 | D        | Found a stormy altar of Qazlal.
   185 | D        | Found a sacrificial altar of Ru.
   186 | D        | Found a deep blue altar of Sif Muna.
   187 | D        | Found a bloodstained altar of Trog.
   188 | D        | Found a hide-covered altar of Uskayaw.
   189 | D        | Found a radiant altar of Vehumet.
   191 | D        | Found a shimmering altar of Xom.
   192 | D        | Found a basalt altar of Yredelemnul.
   193 | D        | Found a glowing silver altar of Zin.
   194 | D        | Found a glowing golden altar of the Shining One.
   232 | D        | Fell from the grace of Gozag
   232 | D        | Became a worshipper of Cheibriados the Contemplative
   347 | D        | Noticed a necrophage
   347 | D        | Noticed an orc warrior
   350 | D        | Reached * piety under Cheibriados
   350 | D        | Reached skill level 6 in Fighting
   350 | D        | Reached skill level 1 in Staves
   354 | D        | Killed an orc warrior
   354 | D        | Reached skill level 7 in Fighting
   354 | D        | Reached XP level 6. HP: 24/55 MP: 6/6
   358 | D        | Reached ** piety under Cheibriados
   358 | D        | Reached skill level 8 in Fighting
   363 | D        | Killed an unseen horror
   363 | D        | Was forgiven by Gozag
   363 | D        | Reached skill level 9 in Fighting
   363 | D        | Reached XP level 7. HP: 17/65 MP: 7/7
   365 | D        | Reached *** piety under Cheibriados
   594 | D        | Noticed a cyclops
   594 | D        | Noticed a yak
   597 | D        | Reached skill level 10 in Fighting
   608 | D        | Killed an unseen horror
   608 | D        | Reached skill level 11 in Fighting
   608 | D        | Reached XP level 8. HP: 37/75 MP: 8/8
   613 | D        | Reached **** piety under Cheibriados
   615 | D        | HP: 3/75 [cyclops (23)]
   620 | D        | Killed a cyclops
   620 | D        | Reached skill level 10 in Armour
   620 | D        | Reached XP level 9. HP: 4/81 MP: 9/9
   624 | D        | HP: 2/81 [shadow imp (3)]
  1081 | D        | Noticed a komodo dragon
  1081 | D        | Noticed a spiny frog
  1088 | D        | Reached ***** piety under Cheibriados
  1088 | D        | Reached skill level 12 in Fighting
  1102 | D        | Killed a spiny frog
  1102 | D        | Reached skill level 10 in Staves
  1107 | D        | Killed a komodo dragon
  1108 | D        | Noticed a death yak
  1109 | D        | Noticed a black mamba
  1110 | D        | Noticed a four-headed hydra
  1118 | D        | Slain by a death yak

Skill      XL: |  1  2  3  4  5  6  7  8  9 |
---------------+----------------------------+-----
Polearms       | 3 4 |  4.6
Fighting       | 5 7 9 11 12 | 12.7
Armour         | 4 5 6 8 9 10 11 | 11.0
Shields        | 4 5 |  5.0
Staves         | 3 6 7 8 10 | 10.6

Action                   |  1- 3 |  4- 6 |  7- 9 || total
-------------------------+-------+-------+-------++-------
Melee: Trident           |    35 |    23 |       ||    58
       Quarterstaff      |       |    16 |    66 ||    82
  Use: Scroll            |       |       |     2 ||     2
Armor: Scale mail        |    17 |     3 |       ||    20
       Ring mail         |       |    10 |    34 ||    44
Dodge: Dodged            |     7 |    10 |    14 ||    31
Block: Shield            |    18 |    12 |       ||    30
